[Event "*** Titled Tuesday Blitz"]
[Site "Chess.com"]
[Date "2018.09.04"]
[Round "3"]
[White "AndrewDGreen"]
[Black "ChainsOfFantasia"]
[Result "1-0"]
[WhiteElo "2217"]
[BlackElo "2373"]
[TimeControl "180+2"]
[EndTime "14:13:53 PDT"]
[Termination "AndrewDGreen won by resignation"]

1. d4 Nf6 2. Nf3 c5 3. d5 b5 4.
Bg5 Qb6 5. Bxf6 Qxf6 6. c3 g5 7. e3 g4 8. Nfd2 h5 9. Bxb5 Bb7 10. Bc4 Rg8 11. Qb3 Qb6 12. O-O h4 13. Na3 e6 14.
Ne4 Be7 15. Nb5 Kf8 16. Rad1 Na6 17. a4 Rb8 18. Qc2 Bxd5 19. Bxd5 exd5 20. Rxd5 Qe6 21.
Rfd1 Rb7 22. Ned6 Bxd6 23. Rxd6 Qe7 24. Qf5 g3 25. h3 gxf2+ 26. Qxf2 Nb8 27. Qf4 Nc6 28. Rf6 a6 29. Nd6 Rg7 30. Nxb7 Ne5 31. Nd6 Ng6 32. Qf2 Ne5 33. Rf1 Kg8 34. Qf5 a5 35.
Qf4 Nd3 36. Qf3 Nxb2 37. Qa8+ Kh7 38. Qf3 Nd3 39. Qe4+ Qxe4 40. Nxe4 Kg8 41. Nd6 Ne5 42. Nf5 Rg5 43. Rd6 Nc4 44. Rxd7 Nb6 45. Ra7 Nxa4 46. Rxa5 Nxc3 47. Rxc5 Ne4 48. Ne7+ Kf8 49. Rxg5 Nxg5 50. Nd5 Kg7 51. Nf4 Ne4 52. Nd3 Kg6 53. Rf4 Ng3 54.
Ne5+ Kh5 55. Nf3 Ne2+ 56. Kf2 Nxf4 57. exf4 Kg6 58. Ke3 Kf5 59. Nd4+ Kg6 60. Ke4 Kh5 61. Kf5 Kh6 62. Kf6 Kh5 63. Kxf7 Kh6 64. f5 Kh5 65. f6 Kg5 66. Ke7 1-0

[Event "*** Titled Tuesday Blitz"]
[Site "Chess.com"]
[Date "2018.09.04"]
[Round "3"]
[White "FMchesstrainer"]
[Black "MaxLeto"]
[Result "0-1"]
[WhiteElo "2329"]
[BlackElo "2371"]
[TimeControl "180+2"]
[EndTime "14:13:54 PDT"]
[Termination "MaxLeto won on time"]

1. d4 d5 2. Bf4 h5 3. e3 h4 4. h3 c6 5. Nd2 Bf5 6. c4 e6 7.
Ngf3 Nd7 8. Be2 Be7 9. O-O g5 10.
Bh2 g4 11. hxg4 Bxg4 12. Ne5 Bf5 13. cxd5 exd5 14. Nxd7 Qxd7 15. Be5 Nf6 16. Nf3 Be4 17. Bd3 Rg8 18. Bxe4 Nxe4 19. Ne1 O-O-O 20. a3 Rg6 21. f3 Nd6 22. Nd3 Nf5 23. Qe2 Rdg8 24. Nf4 Rg5 25. Nh3 R5g6 26. Rf2 Bd6 27. Bxd6 Qxd6 28. Nf4 Rg3 29.
Kf1 Qh6 30. Qd3 R3g5 31. Ke2 Re8 32. Kd2 Rxe3 33. Qc2 Re7 34. Re1 Nxd4 35. Qd3 Ne6 36. Nxe6 fxe6 37. Kd1 e5 38. Qe3 Qf6 39. Qxa7 Qf4 40.
Rc2 Kc7 41. Qa5+ Kc8 42. Qa8+ Kc7 43. Qa5+ Kd7 44. Qb6 Qd4+ 45. Qxd4 exd4 46. Rxe7+ Kxe7 47. Re2+ Kd6 48. b4 b6 49. Kd2 c5 50. Kd3 Kc6 51.
f4 Rg3+ 52. Kd2 Rxa3 53. f5 Ra2+ 54. Ke1 Rxe2+ 55. Kxe2 Kd6 56. Kd3 Ke5 0-1

[Event "*** Titled Tuesday Blitz"]
[Site "Chess.com"]
[Date "2018.09.04"]
[Round "3"]
[White "VladDobrov"]
[Black "Cryptochess"]
[Result "0-1"]
[WhiteElo "2708"]
[BlackElo "2517"]
[TimeControl "180+2"]
[EndTime "14:13:55 PDT"]
[Termination "Cryptochess won by resignation"]

1. d4 Nf6 2. c4 e6 3. Nf3 d5 4. Nc3 a6 5. cxd5 exd5 6. Bg5 Be7 7. e3 O-O 8. Bd3 Nbd7 9. Qc2 c5 10. dxc5 Nxc5 11. Be2 Nce4 12. Bh4 Bf5 13. Nd4 Bg6 14. Qb3 Rc8 15. Nxe4 Nxe4 16. Bxe7 Qxe7 17. Rd1 Rc5 18. O-O Rfc8 19. Rfe1 Qf6 20. Bf3 b5 21. Ne2 Ng5 22. Nd4 Nxf3+ 23. gxf3 Bc2 24. Nxc2 Rxc2 25. Qxd5 Rxb2 26.
Rd2 Rxd2 27. Qxd2 Qxf3 28. Qd7 Qc6 29. Rd1 g6 30. Qxc6 Rxc6 31. Rd8+ Kg7 32. Rd4 Rb6 33. a3 a5 34. Rd3 b4 35. axb4 axb4 36. Rb3 f5 37. f3 Kf6 38. Kf2 Ke5 39. Ke2 Kd5 40.
Kd3 Kc5 41. Rb1 Kb5 42. Kc2 Kc4 43. Rd1 Re6 44. Rd4+ Kc5 45. Rd3 Kb5 46. Kb3 Kc5 47.
h4 Ra6 48. Kb2 Ra3 49. Rd7 Rxe3 50. Rxh7 Rxf3 51. Rg7 Rh3 52. Rxg6 Rxh4 53. Rf6 Rf4 54. Rf8 Rf3 55. Kc2 Kd4 56. Kd2 b3 57. Rd8+ Kc4 58. Rc8+ Kb4 59. Kc1 Rf1+ 60. Kb2 Rf2+ 61. Kb1 f4 62.
Rf8 Kc3 63. Rc8+ Kd3 64. Rd8+ Ke4 65. Re8+ Kf3 66. Rb8 b2 67. Rg8 Re2 68. Rf8 Kg3 69. Rg8+ Kf2 70. Rf8 f3 71. Ka2 Kg2 0-1

[Event "*** Titled Tuesday Blitz"]
[Site "Chess.com"]
[Date "2018.09.04"]
[Round "3"]
[White "GreatDamnedRedSpot"]
[Black "menor31"]
[Result "1/2-1/2"]
[WhiteElo "2321"]
[BlackElo "2454"]
[TimeControl "180+2"]
[EndTime "14:14:00 PDT"]
[Termination "Game drawn - insufficient material"]

1. e4 e6 2. Nf3 c5 3. c3 Nf6 4. d3 d5 5. Qc2 Nc6 6. Be2 Be7 7. O-O O-O 8. Bg5 Qc7 9. Na3 a6 10. Rfe1 b5 11. Rad1 Bb7 12. Bh4 Rad8 13. Bg3 Qb6 14. Nb1 dxe4 15. dxe4 Rxd1 16. Bxd1 Rd8 17. Nfd2 c4 18.
Kf1 e5 19. Bh4 Nd7 20. Bxe7 Nxe7 21. b3 cxb3 22. axb3 Nc5 23. b4 Nd3 24. Re3 Nf4 25. g3 Ne6 26. Bg4 Ng6 27. Rd3 Ngf8 28. Bxe6 Nxe6 29.
h4 f6 30. Ke2 Kf7 31. Rxd8 Qxd8 32. Qd3 Qc7 33. Nf3 Nd8 34. Nbd2 Ke7 35. Nb3 Nf7 36. Nfd2 Nd6 37. f3 Nc4 38. Nc5 Nb6 39. c4 bxc4 40. Nxc4 Nxc4 41. Qxc4 Bc8 42. Kd3 g6 43. Kc3 Qd8 44. Nd3 Be6 45. Qc5+ Kf7 46. f4 exf4 47.
gxf4 Qc8 48. Qxc8 Bxc8 49. Nc5 h5 50. Kd4 g5 51. fxg5 fxg5 52. hxg5 Kg6 53. Ke3 Kxg5 54. Kf3 h4 55. Nb3 Kf6 56. Kf4 h3 57. Kg3 Ke5 58. Nc5 Kd4 59. Kh2 a5 60. Nb3+ Kxe4 61. Nxa5 Kd5 62. Nb3 Kc4 63. Nd2+ Kxb4 64. Nf3 Kc5 65. Ng5 Kd4 66. Nxh3 Bxh3 1/2-1/2

[Event "*** Titled Tuesday Blitz"]
[Site "Chess.com"]
[Date "2018.09.04"]
[Round "3"]
[White "Po6Don"]
[Black "Ksenia_Legenko"]
[Result "1-0"]
[WhiteElo "2102"]
[BlackElo "2053"]
[TimeControl "180+2"]
[EndTime "14:14:01 PDT"]
[Termination "Po6Don won by resignation"]

1. e4 c6 2. d4 d5 3. exd5 cxd5 4. c4 Nf6 5. Nc3 g6 6. Qb3 Bg7 7. cxd5 O-O 8. Be2 Qb6 9. Qxb6 axb6 10. Bf3 Na6 11.
Nge2 Nb4 12. O-O Rd8 13. Bg5 Bf5 14. a3 Nbxd5 15. Nxd5 Nxd5 16. Bxd5 Rxd5 17. Be3 Bd3 18.
Rfe1 Bxe2 19. Rxe2 Rad8 20. Kf1 e6 21. Rd1 Bxd4 22.
Bxd4 Rxd4 23. Rxd4 Rxd4 24. Rc2 Rd7 25. Ke2 Kg7 26. Ke3 Kf6 27. f4 Kf5 28. h3 h5 29.
Rc4 g5 30. fxg5 Kxg5 31. Rb4 Rd6 32. Rb5+ Kg6 33. h4 f6 34. b4 e5 35. a4 Kf5 36. a5 bxa5 37. bxa5 Rd7 38. Rb6 Rc7 39. Kf2 Rc2+ 40. Kg3 Rc7 41. Kh3 e4 42. Kg3 Rc3+ 43. Kf2 Rc2+ 44. Kg3 Rc7 45. Rb5+ Ke6 46. Kf4 f5 47.
Rxf5 Rc2 48. Rxh5 Rxg2 49. Re5+ Kf6 50. Rb5 Rf2+ 51. Kxe4 Ra2 52. Rb6+ Kg7 53. Rxb7+ Kf6 54. Rb6+ Kg7 55. a6 Ra4+ 56. Kd5 Rxh4 57. Kc6 Kf7 58.
a7 Ra4 59. Kc7 Ke7 60. Kb7 1-0

[Event "*** Titled Tuesday Blitz"]
[Site "Chess.com"]
[Date "2018.09.04"]
[Round "3"]
[White "Korchmar_Vasiliy"]
[Black "jncool68"]
[Result "1/2-1/2"]
[WhiteElo "2641"]
[BlackElo "2503"]
[TimeControl "180+2"]
[EndTime "14:14:02 PDT"]
[Termination "Game drawn by repetition"]

1. d4 Nf6 2. Nf3 e6 3. Bf4 d5 4. e3 Bd6 5. Bg3 O-O 6. Nbd2 c5 7. c3 Qc7 8. Ne5 Nbd7 9. f4 Ne4 10. Nxe4 dxe4 11. Nc4 cxd4 12. Nxd6 Qxd6 13. cxd4 Nf6 14. Be2 Nd5 15. Qd2 f5 16. O-O Bd7 17. Rfc1 Rac8 18. a3 Qb6 19. b4 Bb5 20. Rc5 Bxe2 21. Qxe2 Rxc5 22. dxc5 Qc6 23. Bf2 b6 24. Rc1 bxc5 25. Rxc5 Qa4 26. Ra5 Qd7 27. h3 Rc8 28. Rc5 Rxc5 29.
bxc5 Qc6 30. Qc4 Nb6 31. Qa6 Qxc5 32. Qxa7 h6 33. a4 Qc1+ 34. Kh2 Nc4 35. Qe7 Nd2 36. Qxe6+ Kh8 37. h4 Nf1+ 38. Kh3 Nxe3 39. Bxe3 Qxe3+ 40. g3 Qc5 41. h5 Qa5 42. Qe8+ Kh7 43. Qg6+ Kh8 44.
Qe8+ Kh7 45. Qb5 Qe1 46. Qxf5+ Kh8 47. Qc8+ Kh7 48. Qf5+ Kh8 49. Qf8+ Kh7 50. Qf5+ Kg8 51. Qe6+ Kf8 52. a5 e3 53. Qf5+ Ke7 54. Qe5+ Kd7 55. Qd5+ Kc7 56. Qc5+ Kd7 57. Qd5+ Ke7 58. Qe5+ Kf8 59.
Qf5+ Ke7 60. Qe5+ Kf8 61. a6 Qh1+ 62. Kg4 Qd1+ 63. Kh4 Qh1+ 64. Kg4 Qd1+ 65. Kf5 Qd7+ 66.
Kg6 Qf7+ 67. Kh7 Qg8+ 68. Kg6 Qf7+ 69. Kh7 Qg8+ 70. Kg6 Qf7+ 71. Kh7 Qg8+ 72. Kg6 Qf7+ 73. Kh7 Qg8+ 74. Kg6 Qf7+ 1/2-1/2

[Event "*** Titled Tuesday Blitz"]
[Site "Chess.com"]
[Date "2018.09.04"]
[Round "3"]
[White "Polish_fighter3000"]
[Black "pouya21"]
[Result "1/2-1/2"]
[WhiteElo "2908"]
[BlackElo "2668"]
[TimeControl "180+2"]
[EndTime "14:14:16 PDT"]
[Termination "Game drawn by stalemate"]

1. e4 c5 2. Nf3 d6 3. d4 cxd4 4. Nxd4 Nf6 5. Nc3 a6 6. Bg5 Nbd7 7. Bc4 Qb6 8. Bb3 e6 9. Qd2 Be7 10. O-O-O Nc5 11. Qe2 Qc7 12. f4 b5 13. e5 dxe5 14.
fxe5 Nd5 15. Bxe7 Nxe7 16. Ne4 Nxe4 17. Qxe4 Rb8 18. Kb1 O-O 19. Rhf1 Bb7 20. Qe2 Bd5 21. h4 Bc4 22. Bxc4 bxc4 23. c3 Nd5 24. Ka1 Rb6 25. Rb1 h6 26. g4 Ne7 27. h5 Rd8 28. g5 hxg5 29. Rg1 Rd5 30. Rxg5 f6 31. Rxg7+ Kxg7 32. Qg4+ Kf7 33. h6 Rxe5 34. Qg7+ Ke8 35. h7 Rh5 36. h8=Q+ Rxh8 37. Qxh8+ Kd7 38. Qxf6 e5 39.
Qf2 exd4 40. Qxd4+ Rd6 41. Qg4+ Kd8 42. Rh1 Qd7 43.
Rh8+ Kc7 44. Qxc4+ Nc6 45. a3 Rd1+ 46. Ka2 Qd5 47.
Rh7+ Kb6 48. Qxd5 Rxd5 49. Rh2 Rd3 50. Rc2 Kc5 51. Rg2 Re3 52. Kb3 Na5+ 53. Ka4 Nc4 54.
Rg5+ Kd6 55. Kb3 Ne5 56. Rh5 Nc6 57. Kc4 Re4+ 58. Kd3 Rg4 59. b4 Ne5+ 60. Kc2 a5 61. Kb3 axb4 62. axb4 Rg3 63. Rh8 Nc6 64. Rh6+ Kc7 65.
Rh5 Nd4+ 66. Kc4 Ne2 67. Rc5+ Kb6 68. Kb3 Rxc3+ 69. Rxc3 Nxc3 70. Kxc3 Kb5 71. Kb3 Kb6 72. Kc4 Kc6 73. b5+ Kb6 74. Kb4 Kb7 75. Ka5 Ka7 76.
b6+ Kb7 77. Kb5 Kb8 78. Kc6 Ka8 79. Kc7 1/2-1/2

[Event "*** Titled Tuesday Blitz"]
[Site "Chess.com"]
[Date "2018.09.04"]
[Round "3"]
[White "gkchesstiger"]
[Black "Fighter008"]
[Result "1-0"]
[WhiteElo "2768"]
[BlackElo "2451"]
[TimeControl "180+2"]
[EndTime "14:14:20 PDT"]
[Termination "gkchesstiger won by checkmate"]

1. d4 Nf6 2. Bf4 g6 3. c3 Bg7 4. Nf3 O-O 5. e3 d6 6. h3 Nfd7 7. Be2 e5 8. Bh2 Nc6 9. a4 f5 10. Na3 h6 11. b4 g5 12. b5 Ne7 13. Nc4 Ng6 14. dxe5 dxe5 15. Qd5+ Kh7 16. Rd1 Qe7 17. h4 Nf6 18. Qd2 Ne4 19. Qb2 g4 20. h5 Nh4 21.
Nxh4 Qxh4 22. O-O g3 23. fxg3 Nxg3 24. Bxg3 Qxg3 25. Rf3 Qg5 26. Qb4 Be6 27. Qc5 e4 28. Rh3 f4 29. Qxg5 hxg5 30. h6 Bxc3 31. Rh5 Bf6 32.
Rc1 Rad8 33. Na5 Rf7 34. Bc4 Bxc4 35. Nxc4 fxe3 36. Nxe3 Bd4 37. Rh3 Rf3 38. Re1 Rxh3 39. gxh3 Rf8 40. Kg2 Kxh6 41. Ng4+ Kh5 42. Rxe4 Bb6 43.
Re6 Rh8 44. Rf6 Bd4 45. Re6 Bb6 46. Rf6 Bd4 47. Re6 Bb6 48. Kg3 Bc5 49. Kf3 Bb6 50.
Kg2 Kh4 51. Rg6 Rh7 52. Nf6 Rh8 53. Ng4 Bd4 54. Re6 Bb6 55. Rg6 Rh7 56. Nf6 Rh8 57. Ng4 Rh7 58. Rg8 Bd4 59. Rd8 Bb6 60. Re8 Bd4 61. Re4 Bg7 62. Nf6+ g4 63. Rxg4# 1-0

[Event "*** Titled Tuesday Blitz"]
[Site "Chess.com"]
[Date "2018.09.04"]
[Round "3"]
[White "ItalianMachine"]
[Black "LucaBrasi1968"]
[Result "1/2-1/2"]
[WhiteElo "2315"]
[BlackElo "2438"]
[TimeControl "180+2"]
[EndTime "14:14:21 PDT"]
[Termination "Game drawn by agreement"]

1. d4 f5 2. c4 Nf6 3. Nf3 e6 4. Nc3 d5 5. Bg5 c6 6. e3 Bd6 7. Ne5 O-O 8. f4 Qe8 9. Bxf6 gxf6 10. Nf3 Nd7 11. Be2 a6 12. O-O Kh8 13. Qe1 Rg8 14. Qh4 Qg6 15. Rf2 Nf8 16. Qh3 Bd7 17.
Bd3 Qg7 18. cxd5 cxd5 19. Rc1 Ng6 20. g3 Rac8 21. Rfc2 Ne7 22. Nb1 Rc6 23. Nbd2 Rgc8 24. Nb3 Rxc2 25. Rxc2 Rxc2 26. Bxc2 Nc6 27. a3 Qg4 28. Qxg4 fxg4 29. Ne1 Kg7 30. Nd3 h5 31. Ndc5 Bc8 32. Bd3 e5 33. Kf2 exd4 34. exd4 Nxd4 35. Nxb7 Bxb7 36. Nxd4 Bc5 37. Ke3 a5 38. Bf5 Kf7 39. Kd3 Ba6+ 40. Kc3 Bb7 41. b4 axb4+ 42. axb4 Bb6 43.
Bd7 Ke7 44. Bf5 Kf7 45. Bd7 Ke7 46. Bf5 Ba7 47. Bg6 Kf8 48. Bxh5 Bc8 49. Bg6 Kg7 50.
Bd3 Kf7 51. Nf5 Be6 52. Nh6+ Kg7 53. f5 Bd7 54. Nxg4 Bg1 55. h4 Ba4 56. h5 Bd1 57.
h6+ Kh7 58. Nxf6+ Kxh6 59. Nxd5 Bf3 60. Kc4 Bh2 61. g4 Bxg4 62. b5 Kg5 63. Ne3 Bf3 64. Kd4 Bg1 65. Be4 Be2 66. Bd3 Bf3 67. Be4 Be2 68.
b6 Ba6 69. b7 Bxb7 70. Bxb7 Bxe3+ 71. Ke5 Bc1 72. Ke6 1/2-1/2

[Event "*** Titled Tuesday Blitz"]
[Site "Chess.com"]
[Date "2018.09.04"]
[Round "3"]
[White "gammagramma"]
[Black "A-Fier"]
[Result "1/2-1/2"]
[WhiteElo "2586"]
[BlackElo "2759"]
[TimeControl "180+2"]
[EndTime "14:14:23 PDT"]
[Termination "Game drawn - insufficient material"]

1. d4 Nf6 2. Nf3 g6 3. Bf4 Bg7 4. h3 O-O 5. e3 b6 6. c4 Bb7 7. Nc3 d5 8. Be2 dxc4 9. Bxc4 Nd5 10. Bg3 Nxc3 11. bxc3 Ba6 12. Qa4 Bxc4 13. Qxc4 c5 14. O-O Qc8 15. Rfc1 Qa6 16. Nd2 Qxc4 17. Nxc4 Nc6 18. d5 Nb8 19. Bxb8 Raxb8 20. a4 f5 21. Ra2 Rfd8 22. Rd2 Kf7 23. f3 Rb7 24. Na3 Rbd7 25. c4 e6 26. Rcd1 Bc3 27. Rd3 Bb2 28. Nb5 exd5 29. Rxd5 Rxd5 30. cxd5 c4 31. e4 fxe4 32. fxe4 Kf6 33. Nxa7 c3 34. Nc6 Re8 35. Rf1+ Kg5 36.
d6 c2 37. d7 Ra8 38. e5 c1=Q 39. Rxc1 Bxc1 40. e6 Ba3 41. d8=Q+ Rxd8 42. Nxd8 Kf6 43.
Kf2 Ke7 44. Nf7 Bc1 45. Ne5 Ba3 46. Kf3 Kxe6 47. Ke4 Bc5 48. Nd3 Bg1 49. g4 Kd6 50. h4 Bh2 51. Nb4 Kc5 52. Nd5 Bg3 53. h5 gxh5 54.
gxh5 h6 55. Ne7 Bh4 56. Nd5 Bg5 57. Ke5 Bc1 58. Ke6 Bd2 59. Ke5 Bc1 60. Ke4 Bb2 61. Ne3 Kb4 62. Nd5+ Kc5 63. Ne3 Kb4 64. Nd5+ Ka5 65.
Kd3 Bc1 66. Kc2 Bg5 67. Kb3 Ka6 68. Kb4 Bd2+ 69. Kc4 Ka5 70. Kb3 Be1 71. Ne7 Bf2 72. Nf5 b5 73. axb5 Kxb5 74. Nxh6 Kc5 75. Nf5 Bg1 76. Kc3 Kd5 77. h6 Bh2 78. Ne7+ Ke6 79.
Ng6 Kf7 80. h7 Be5+ 81. Kd3 Kxg6 82. Ke4 Bh8 83. Kf4 Kxh7 1/2-1/2

[Event "*** Titled Tuesday Blitz"]
[Site "Chess.com"]
[Date "2018.09.04"]
[Round "3"]
[White "JSMastropiero"]
[Black "SARGISMV"]
[Result "0-1"]
[WhiteElo "2372"]
[BlackElo "2487"]
[TimeControl "180+2"]
[EndTime "14:14:29 PDT"]
[Termination "SARGISMV won by checkmate"]

1. c4 Nf6 2. Nc3 c5 3. Nf3 g6 4. d4 cxd4 5. Nxd4 Bg7 6. e4 Nc6 7. Nc2 O-O 8. Be2 d6 9. O-O Be6 10. Rb1 Rc8 11. b3 Nd7 12. Bd2 f5 13. exf5 Bxf5 14. Rc1 Nc5 15. Be1 Kh8 16. Ne3 Nd4 17.
Nxf5 gxf5 18. Bd3 e6 19. Bb1 Qg5 20. f4 Qf6 21. Ne2 Ne4 22. Kh1 Nxe2 23. Qxe2 d5 24.
Bb4 Rfd8 25. Bxe4 dxe4 26. Rcd1 Kg8 27. Bd6 Qc3 28. c5 b6 29. cxb6 axb6 30. Qb5 Qc6 31.
Qxc6 Rxc6 32. Bb4 Rd5 33. h3 Kf7 34. Rc1 Rxc1 35. Rxc1 Rd7 36. Rc6 Bd4 37. Bc3 Be3 38. Be5 h5 39. Kh2 h4 40. Rc7 Ke8 41. Rxd7 Kxd7 42.
g3 Bf2 43. gxh4 Bxh4 44. Kg2 Kc6 45. a4 b5 46. axb5+ Kxb5 47. Bc3 Kc5 48. Kf1 Bg3 49. Bd2 Kd4 50. Ke2 Bh4 51. b4 e5 52. fxe5 Kxe5 53. b5 f4 54. Bc3+ Kd5 55. b6 f3+ 56. Ke3 Bg5+ 57.
Kf2 Bd8 58. Ba5 Be7 59. b7 Bc5+ 60. Kf1 Bd6 61. Bb4 Bh2 62. h4 e3 63. h5 Kc6 64.
h6 Kxb7 65. Bc3 Bg3 66. h7 e2+ 67. Kg1 f2+ 68. Kg2 e1=Q 69. Bxe1 fxe1=Q 70. h8=Q Qf2+ 71. Kh1 Qf1# 0-1

[Event "*** Titled Tuesday Blitz"]
[Site "Chess.com"]
[Date "2018.09.04"]
[Round "3"]
[White "CrushingKings"]
[Black "LordIron"]
[Result "0-1"]
[WhiteElo "1593"]
[BlackElo "2248"]
[TimeControl "180+2"]
[EndTime "14:14:31 PDT"]
[Termination "LordIron won by checkmate"]

1. e4 c5 2. Nf3 d6 3. Bb5+ Bd7 4. a4 e6 5. O-O Be7 6. d4 cxd4 7. Qxd4 Nf6 8. Nc3 O-O 9. Bg5 a6 10. Bxd7 Nbxd7 11.
Rad1 Rc8 12. h3 Qa5 13. Bd2 Qc5 14.
Qd3 b5 15. axb5 axb5 16. Be3 Qc4 17. Nxb5 Nxe4 18. Qxc4 Rxc4 19. Na3 Rb4 20. Bc1 d5 21.
Nd4 Bf6 22. Nb3 Rc8 23. Rfe1 Ne5 24. f3 Nd6 25. Bd2 Rbb8 26. Bc3 Ndc4 27. Nb1 Nc6 28. Rd3 Nxb2 29. Bxb2 Bxb2 30. f4 Nb4 31. Rf3 Nxc2 32. Ref1 Nd4 33. Nxd4 Bxd4+ 34. Kh1 Rc2 35. Na3 Re2 36. Rc1 g6 37. Rd3 Ba7 38. Rf1 Rbb2 39. Rg3 Bc5 40. Rc1 Bxa3 41. Rxa3 Rxg2 42. Ra8+ Kg7 43. Ra7 Rh2+ 44. Kg1 Rbg2+ 45. Kf1 Rh1+ 46. Kxg2 Rxc1 47. Kg3 Kf6 48. Kg4 h5+ 49. Kf3 Rc3+ 50. Kg2 Rc4 51. Kf3 Rc3+ 52. Kg2 h4 53. Rd7 Rg3+ 54.
Kh2 Rf3 55. Rd8 Rxf4 56. Kg2 Kf5 57. Rd7 f6 58. Rh7 g5 59. Rd7 d4 60. Ra7 e5 61.
Ra6 Re4 62. Kf3 Re3+ 63. Kg2 e4 64. Ra5+ Kf4 65. Ra1 Re2+ 66. Kf1 Rb2 67. Ra8 e3 68. Re8 d3 69. Rd8 Kf3 70. Kg1 d2 71. Rd5 e2 72.
Rf5+ Ke4 73. Rf2 e1=Q+ 74. Kg2 Qxf2+ 75. Kxf2 d1=Q# 0-1

[Event "*** Titled Tuesday Blitz"]
[Site "Chess.com"]
[Date "2018.09.04"]
[Round "3"]
[White "Oneofmyturns"]
[Black "lexisvar"]
[Result "0-1"]
[WhiteElo "2584"]
[BlackElo "2436"]
[TimeControl "180+2"]
[EndTime "14:14:41 PDT"]
[Termination "lexisvar won by resignation"]

1. d4 Nf6 2. c4 e6 3. Nc3 Bb4 4. Qc2 b6 5. e4 Bxc3+ 6. bxc3 d6 7. Bd3 e5 8. Ne2 O-O 9. f3 Nc6 10. Be3 Re8 11. h4 Ba6 12. Qa4 Na5 13. Rb1 Qd7 14. Rb4 c5 15. Qxd7 Nxd7 16. Ra4 cxd4 17. cxd4 exd4 18.
Bxd4 Nc5 19. Bxc5 dxc5 20. Nc3 Bb7 21. Kf2 Rad8 22. Nd5 Bc6 23. Ra3 Rd7 24. g4 f6 25.
Rb1 Ba8 26. Bf1 Kf7 27. Kg3 Nc6 28. Be2 Nd4 29. Bd1 Bc6 30. h5 g6 31. hxg6+ hxg6 32. Rb2 Rh8 33. Kg2 Ke6 34. Re3 Rdh7 35. Nf4+ Kf7 36.
Kg3 Rh1 37. Rd2 R8h4 38. Ng2 R4h3+ 39. Kf2 R1h2 40. a4 g5 41. Ra2 Ne6 42. Be2 Nf4 43. Bf1 Rh1 44. a5 b5 45. cxb5 Bxb5 46. Bxb5 Nxg2 47. Bf1 Nf4 48. Bxh3 Rh2+ 49. Ke1 Rxa2 50.
Bf1 Rxa5 51. Rb3 Ke6 52. Bc4+ Ke5 53. Rb7 Kd4 54. Bb5 Ke3 55. Kd1 Ra1+ 56. Kc2 Kxf3 57. Bc6 Kxg4 58. Rf7 Nh5 59. Rh7 Ng3 60. Rf7 Nh5 61. Rh7 Rh1 62. Kc3 Kf4 63. Kc4 Rc1+ 64. Kb5 Ng3 65. Rf7 Ke5 66. Re7+ Kd6 67. Rd7+ Ke6 68.
Rd8 c4 69. Bd5+ Ke5 70. Re8+ Kd4 71. Rd8 c3 72. Kb4 Nxe4 73. Ba8+ Ke3 74. Re8 f5 0-1

[Event "*** Titled Tuesday Blitz"]
[Site "Chess.com"]
[Date "2018.09.04"]
[Round "3"]
[White "335394862"]
[Black "JammyDodger91"]
[Result "0-1"]
[WhiteElo "2322"]
[BlackElo "2402"]
[TimeControl "180+2"]
[EndTime "14:14:50 PDT"]
[Termination "JammyDodger91 won by checkmate"]

1. e4 e5 2. Nf3 Nc6 3. Bc4 Nf6 4. d3 Be7 5. O-O O-O 6. Re1 d6 7. h3 Na5 8. Bb3 Nxb3 9. axb3 Ne8 10. d4 exd4 11.
Nxd4 Nf6 12. Nc3 Re8 13. Bf4 Bf8 14. Qd3 a6 15. Nd5 Nxd5 16. exd5 g6 17. c4 Bg7 18. b4 Bd7 19. c5 Qh4 20. Be3 Qe4 21. Qxe4 Rxe4 22.
Red1 Rae8 23. Rac1 Ba4 24. Rd2 R4e7 25. Kh1 h5 26.
Rc3 Rd8 27. b3 Be8 28. Bg5 f6 29. Be3 dxc5 30. Rxc5 Bf7 31. Ne6 Bxe6 32. dxe6 Rxd2 33. Bxd2 c6 34. Rc4 Rxe6 35. Rd4 Kf7 36. Rd7+ Re7 37. Rd8 f5 38. Bf4 Be5 39. Bg5 Bf6 40. Bf4 g5 41.
Bd6 Re1+ 42. Kh2 Be5+ 43. Bxe5 Rxe5 44. Rh8 h4 45. Rb8 Re7 46. g3 hxg3+ 47. Kxg3 Rd7 48. Kg2 Kf6 49. Rf8+ Ke5 50. Rg8 Kf4 51. Rb8 Ke4 52.
Rg8 Kf4 53. Rb8 Rg7 54. Kf1 Kf3 55. Rf8 f4 56. Rf5 Rd7 57. Ke1 Rd5 58. Rf7 Rb5 59. Rg7 Kg2 60. h4 Re5+ 61. Kd2 Kxf2 62. hxg5 Rd5+ 63. Kc3 f3 64. g6 Rg5 65. Rg8 Kg2 66.
g7 f2 67. Rf8 Rxg7 68. Rf4 f1=Q 69. Rxf1 Kxf1 70. b5 axb5 71. Kb4 b6 72. Ka3 Rg4 73. b4 Rg3+ 74. Kb2 c5 75. Ka2 Ke2 76. Kb2 Kd2 77.
Ka2 Kc2 78. bxc5 bxc5 79. Ka1 Ra3# 0-1

[Event "*** Titled Tuesday Blitz"]
[Site "Chess.com"]
[Date "2018.09.04"]
[Round "3"]
[White "TST2014"]
[Black "XDPS"]
[Result "0-1"]
[WhiteElo "2517"]
[BlackElo "2592"]
[TimeControl "180+2"]
[EndTime "14:14:51 PDT"]
[Termination "XDPS won on time"]

1. d4 d5 2. c4 dxc4 3. e3 e5 4. Bxc4 Nc6 5. Nf3 e4 6. Nfd2 Qg5 7. g3 f5 8. h4 Qg6 9. h5 Qg5 10. Qb3 Nh6 11. Nc3 a6 12. Ne2 Bd6 13. Nf4 Nd8 14.
Bd5 Bd7 15. Nc4 Qe7 16. Bd2 c6 17. Nxd6+ Qxd6 18. Bb4 Qc7 19. Bc4 a5 20. Bc5 b5 21.
Be6 Bxe6 22. Nxe6 Qf7 23. Nxd8 Rxd8 24. Qxf7+ Nxf7 25. Ke2 Rd5 26. Rhc1 Kd7 27. b3 Ra8 28. Rc2 Nd8 29. Rac1 Ra6 30. Bf8 Ne6 31. Ba3 a4 32.
Bc5 Nd8 33. b4 Ne6 34. a3 Ra8 35. Kf1 Rc8 36. Kg2 Re8 37. Rh1 Rg8 38. Rh4 Nd8 39.
g4 g5 40. hxg6 hxg6 41. Rh7+ Kc8 42. Kg3 Rd7 43. Rh6 Nf7 44. Rh7 Nd8 45. Rh2 Ne6 46.
Rc1 Kb7 47. Rch1 Rgg7 48. Rh8 Rgf7 49. Re8 Ng7 50. Re5 fxg4 51. Rh8 Nh5+ 52. Kg2 g3 53. fxg3 Rf3 54. Ree8 Rxg3+ 55. Kh2 Rf7 56. Rb8+ Kc7 57. Rbc8+ Kd7 58. Rcd8+ Ke6 59. Rhe8+ Kf5 60. Rd6 Rxe3 61. Rxc6 Kg5 62. Re5+ Kh6 63. d5 Re2+ 64. Kg1 Ng3 65. Be3+ Rxe3 66. Kg2 Nh5 67. d6 Re2+ 68. Kg1 Nf4 69.
Rc1 Nh3+ 70. Kh1 Rff2 0-1

[Event "*** Titled Tuesday Blitz"]
[Site "Chess.com"]
[Date "2018.09.04"]
[Round "3"]
[White "Abrito99"]
[Black "GMKrikor"]
[Result "0-1"]
[WhiteElo "2541"]
[BlackElo "2747"]
[TimeControl "180+2"]
[EndTime "14:14:55 PDT"]
[Termination "GMKrikor won on time"]

1. e4 c5 2. Nf3 g6 3. d4 cxd4 4. c3 Bg7 5. Bc4 e6 6. Nxd4 a6 7. O-O Ne7 8. Bg5 h6 9. Be3 d5 10. exd5 Nxd5 11. Bxd5 Qxd5 12. Nd2 O-O 13. Qf3 Qxf3 14.
N4xf3 b5 15. a4 Bb7 16. axb5 axb5 17. Rxa8 Bxa8 18. Ra1 Nd7 19. Ra5 b4 20. cxb4 Bxb2 21. Bxh6 Rb8 22. Bf4 Rc8 23. h3 f6 24. b5 e5 25. Be3 Rb8 26. Ra7 Nf8 27. b6 Bd5 28.
Ra5 Bb7 29. Nc4 Bc3 30. Ra3 Bb4 31. Rb3 Be7 32. Na5 Nd7 33. Rc3 Bxf3 34. gxf3 Nxb6 35.
Nc6 Nd5 36. Nxb8 Nxc3 37. Nc6 Bf8 38. Kg2 Kf7 39. Na7 Nd5 40. Nb5 Ke6 41. Na7 Bd6 42. Nc8 Bc7 43. Bc5 Kd7 44. Na7 Nc3 45. Bb4 Nd5 46. Bc5 Nf4+ 47. Kg3 Ne6 48. Be3 f5 49. Kg2 Ba5 50. Nb5 Kc6 51. Na3 Kd5 52. Nb5 Kc6 53.
Na3 Bb4 54. Nc4 Kd5 55. Nb6+ Kc6 56. Nc4 Bc3 57. Bd2 Bd4 58. Be3 Ba1 59. Na5+ Kd5 60. Nb7 Bc3 61. Bb6 Kc6 62. Nd8+ Nxd8 63. Bxd8 Kd5 64.
Bf6 Ke6 65. Bg5 Bd4 66. Kg3 Bc5 67. Kg2 Bd6 68. Bh6 Kd5 69. Bg5 Kc4 0-1

[Event "*** Titled Tuesday Blitz"]
[Site "Chess.com"]
[Date "2018.09.04"]
[Round "3"]
[White "BlackBoarder"]
[Black "PowerThinking2650"]
[Result "1-0"]
[WhiteElo "2439"]
[BlackElo "2216"]
[TimeControl "180+2"]
[EndTime "14:14:56 PDT"]
[Termination "BlackBoarder won by resignation"]

1. e4 e5 2. Nf3 Nc6 3. d4 exd4 4. Bc4 Nf6 5. O-O Nxe4 6. Re1 d5 7. Bxd5 Qxd5 8. Nc3 Qa5 9. Nxe4 Be6 10. Neg5 O-O-O 11. Nxe6 fxe6 12. Rxe6 Bd6 13. Bg5 Rdf8 14. Qe2 h6 15.
Bd2 Qh5 16. Re1 d3 17. Qxd3 Rxf3 18. Qxf3 Qxh2+ 19. Kf1 Qh1+ 20. Ke2 Nd4+ 21. Kd3 Qxe1 22. Bxe1 Nxf3 23. gxf3 h5 24. Bc3 h4 25. Bxg7 Rh5 26.
Re1 h3 27. Rh1 h2 28. f4 Bxf4 29. Ke4 Bd6 30. f4 Kd7 31. Bd4 Rh4 32. Be3 Ke6 33. Kf3 Kf5 34. Kg3 Rxf4 35. Bxf4 Bxf4+ 36. Kg2 Kg4 37. Rd1 b5 38. Rd7 a5 39. Rf7 Bd6 40. Rg7+ Kf4 41.
Rg8 Ke3 42. b3 Kd2 43. Ra8 Kxc2 44. Rxa5 b4 45. Ra7 Kc3 46. Ra4 Kb2 47. Kh1 Be5 48.
Ra5 Bd6 49. Ra8 Kc3 50. Kg2 Kd3 51. Re8 Kc3 52. Re2 Bf4 53. Rf2 Bd6 54. Re2 Kd3 55.
Rf2 h1=Q+ 56. Kxh1 c5 57. Kg2 Be5 58. Kf3 Bd4 59. Rg2 c4 60. bxc4 Kxc4 61. Ke4 Bc3 62. Rg8 b3 63. Rc8+ Kb4 64. Rb8+ Ka3 65. Rxb3+ Kxa2 66. Rxc3 1-0